 Dungeon Crawl Stone Soup version 0.26-b1-32-g5d43845318 (webtiles) character file.

Game seed: 6220410716033195708

93 MisterFreud the Conjurer (level 4, -4/27 HPs)
             Began as an Octopode Fire Elementalist on Jan 12, 2021.
             Slain by a scorpion (10 damage)
             ... on level 4 of the Dungeon.
             The game lasted 00:04:37 (2596 turns).

MisterFreud the Conjurer (OpFE)                     Turns: 2596, Time: 00:04:37

Health: -4/27      AC:  1    Str:  7    XL:     4   Next: 62%
Magic:  3/7        EV: 13    Int: 18    God:
Gold:   115        SH:  0    Dex: 12    Spells: 2/7 levels left

rFire    . . .     SeeInvis .   b - +2 short sword (flame)
rCold    . . .     Faith    .   (no shield)
rNeg     . . .     Spirit   .   (helmet restricted)
rPois    .         Reflect  .   h - amulet of magic regeneration
rElec    .         Harm     .   (no ring)
rCorr    .         Rampage  .   (no ring)
Will     .....                  (no ring)
Stlth    +++.......             (no ring)
HPRegen  0.09/turn              (no ring)
MPRegen  0.35/turn              (no ring)
                                (no ring)
                                (no ring)

@: lethally poisoned (-4 -> -11), very slightly contaminated
A: almost no armour, stealthy swim, amphibious, 8 rings, constrict 8, camouflage
1, gelatinous body 1
a: no special abilities


You were on level 4 of the Dungeon.
You visited 1 branch of the dungeon, and saw 4 of its levels.

You collected 115 gold pieces.

Inventory:

Hand Weapons
 a - a +0 dagger
 b - a +2 short sword of flaming (weapon)
Armour
 g - a +0 buckler
Jewellery
 h - an amulet of magic regeneration (around mantle)
 p - an uncursed amulet of guardian spirit
Scrolls
 c - a scroll of enchant weapon {unknown}
 e - a scroll of remove curse {unknown}
 f - 3 scrolls of identify {unknown}
 k - 2 scrolls of teleportation {unknown}
 l - a scroll of amnesia {unknown}
Potions
 d - a potion of invisibility
 i - a potion of lignification


   Skills:
 - Level 2.0 Dodging
 - Level 2.6 Stealth
 + Level 1.0 Shields
 + Level 2.4 Spellcasting
 + Level 3.3 Conjurations
 + Level 3.3 Fire Magic


You had 2 spell levels left.
You knew the following spells:

 Your Spells              Type           Power        Failure   Level
a - Foxfire               Conj/Fire      56%          4%          1
b - Sticky Flame          Conj/Fire      14%          41%         4

Your spell library contained the following spells:

 Spells                   Type           Power        Failure   Level
 Conjure Flame            Conj/Fire      14%          13%         3
 Inner Flame              Hex/Fire       8%           26%         3
 Fireball                 Conj/Fire      7%           77%         5


Dungeon Overview and Level Annotations

Branches:
Dungeon (4/15)
 Temple: D:4-7

Altars:
Fedhas
Xom


Innate Abilities, Weirdness & Mutations

You cannot wear most types of armour.
You are very stealthy in the water. (Stealth+)
You are amphibious.
You can wear up to eight rings at the same time.
You can use your tentacles to constrict eight enemies at once.
Your skin changes colour to match your surroundings (Stealth+).
Your rubbery body absorbs attacks. (AC +1, EV +1)


Message History

You hit the scorpion but do no damage. You grab the scorpion.
The scorpion is moderately wounded.
You constrict the scorpion, but do no damage.
The scorpion stings you.
You are poisoned.
The scorpion poisons you!
Casting: Sticky Flame (potentially lethal; 41% risk of failure)
Confirm with . or Enter, or press ? or * to list all spells.
The spell is potentially lethal to cast (41% risk of failure)!
Continue anyway?
Aiming: Sticky Flame (potentially lethal; 41% risk of failure)
Press: ? - help, Shift-Dir - straight line, f - scorpion
Aim: a scorpion (moderately wounded, constricted by you, 0% to evade)
You miscast Sticky Flame.
You are very lightly contaminated with residual magic.
Heat runs through your body!
* * * LOW HITPOINT WARNING * * *
You constrict the scorpion.
* * * LOW HITPOINT WARNING * * *
You feel sick. The scorpion stings you!
You die...

## #. #
#.#############..
#................
######....!..>.......
#..........†@$.......
#.####.####s#(.......
#.........#.#.##.#.#.
#####.###.#.#......#
#.# #...#..#...#
#.#######..# ....
#..........# ###
########.....####......
#............# ######


You could see a scorpion.

Vanquished Creatures
  A worker ant (D:4)
  An adder (D:3)
  4 dart slugs
  2 leopard geckos (D:1)
  A ball python (D:2)
  2 giant cockroaches (D:1)
  5 goblins
  5 hobgoblins
  2 jackals (D:4)
  7 kobolds
  2 quokkas (D:2)
  7 bats (D:1)
  7 frilled lizards
  6 rats (D:1)
52 creatures vanquished.

Vanquished Creatures (others)
  13 foxfires
13 creatures vanquished.

Grand Total: 65 creatures vanquished

Notes
Turn   | Place    | Note
-------+----------+-------------------------------------------
     0 | D:1      | MisterFreud the Octopode Fire Elementalist began the quest
                  | for the Orb.
     0 | D:1      | Reached XP level 1. HP: 11/11 MP: 3/3
    95 | D:1      | Reached XP level 2. HP: 16/17 MP: 5/5
   515 | D:1      | Reached XP level 3. HP: 21/21 MP: 6/6
  1452 | D:2      | Found a blossoming altar of Fedhas.
  1740 | D:2      | Found a shimmering altar of Xom.
  2120 | D:3      | Reached XP level 4. HP: 27/27 MP: 7/7
  2196 | D:4      | Reached skill level 1 in Shields
  2459 | D:4      | Learned a level 4 spell: Sticky Flame
  2596 | D:4      | Slain by a scorpion

Illustrated notes

Levels and vault maps discovered:
D:1:      dpeg_arrival_subterranean_lakeside_camping, layout_basic,
          minmay_heptomino_h4
D:2:      layout_loops_corners, marbit_many_paths, fedhas_altar_2
D:3:      cheibrodos_fertilizer, layout_basic
D:4:      layout_basic, grunt_temple_overflow_open

Skill      XL: |  1  2  3  4 |
---------------+-------------+-----
Conjurations   | 2 3 |  3.3
Shields        | 1 |  1.0
Dodging        | |  2.0
Stealth        | |  2.6
Spellcasting   | |  2.4
Fire Magic     | |  3.3

Action                   |  1- 3 |  4- 6 || total
-------------------------+-------+-------++-------
Melee: Short sword       |    76 |     9 ||    85
       Constrict         |    19 |     3 ||    22
       Dagger            |     3 |       ||     3
       Unarmed           |     3 |       ||     3
       Tentacles         |     4 |     2 ||     6
 Cast: Foxfire           |     2 |     5 ||     7
  Use: Potion            |       |     6 ||     6
 Stab: Sleeping          |    21 |       ||    21
Armor: Skin              |     4 |       ||     4
Dodge: Dodged            |    39 |     7 ||    46
